 Dungeon Crawl Stone Soup version 0.22-a0-181-gb22368a (webtiles) character file.

464 Amnesiac the Digger (level 6, -1/41 HPs)
             Began as a Mummy Earth Elementalist on Feb 14, 2018.
             Was an Initiate of Ashenzari.
             Slain by a hound skeleton (4 damage)
             ... on level 4 of the Dungeon.
             The game lasted 00:07:44 (5291 turns).

Amnesiac the Digger (Mummy Earth Elementalist)      Turns: 5291, Time: 00:07:45

Health: -1/41      AC:  2    Str: 11    XL:     6   Next: 80%
Magic:  0/10       EV: 12    Int: 17    God:    Ashenzari [......]
Gold:   341        SH:  0    Dex: 12    Spells: 4/11 levels left

rFire    x . .     SeeInvis .   h - +0 dagger
rCold    + . .     Gourm    .   (no shield)
rNeg     + + +     Faith    .   c - +0 robe
rPois    ∞         Spirit   .   (no helmet)
rElec    .         Reflect  .   (no cloak)
rCorr    .         Harm     .   (no gloves)
MR       .....                  (no boots)
Stlth    ++........             j - amulet of magic regeneration
HPRegen  0.13/turn              (no ring)
MPRegen  0.37/turn              (no ring)

@: slightly contaminated
A: no food or potions, fire vulnerability, cold resistance 1, negative energy
resistance 3, torment resistance, unbreathing
a: Curse Item, Renounce Religion


You were on level 4 of the Dungeon.
You worshipped Ashenzari.
Ashenzari was noncommittal.
You were not hungry.

You visited 1 branch of the dungeon, and saw 4 of its levels.

You collected 341 gold pieces.

Inventory:

Hand Weapons
 h - a +0 dagger (weapon)
 q - a +1 antimagic quarterstaff
Missiles
 k - 21 poisoned needles
 n - 2 javelins of penetration
 r - 4 javelins (quivered)
Armour
 c - a +0 robe (worn)
 s - a cursed -2 robe
Jewellery
 e - a cursed ring of loudness
 j - an amulet of magic regeneration (around neck)
Scrolls
 a - 3 scrolls of remove curse {!r}
 f - 2 scrolls of blinking {!r}
 g - 7 scrolls of identify {!r}
 i - a scroll of immolation {!r, unknown}
 l - a scroll of random uselessness {!r, unknown}
 m - a scroll of magic mapping {!r, unknown}
 o - a scroll of enchant armour {!r, unknown}
 p - 2 scrolls of teleportation {!r}
 t - a scroll of fear {!r, unknown}
Books
 d - a book of Geomancy

   Spells                             Type                      Level
   a - Sandblast                      Earth                        1
   b - Passwall                       Transmutation/Earth          2
   c - Stone Arrow                    Conjuration/Earth            3
   d - Petrify                        Transmutation/Earth          4
   e - Lee's Rapid Deconstruction     Earth                        5


   Skills:
 + Level 1.7 Short Blades
 - Level 1.5 Dodging
 - Level 1.5 Stealth
 - Level 3.0 Spellcasting
 - Level 1.0 Transmutations
 - Level 6.0 Earth Magic


You had 4 spell levels left.
You knew the following spells:

 Your Spells              Type           Power        Failure   Level  Hunger
a - Sandblast             Erth           ###...       1%          1    N/A
b - Passwall              Tmut/Erth      ##........   6%          2    N/A
e - Petrify               Tmut/Erth      ##......     38%         4    N/A

Dungeon Overview and Level Annotations

Branches:
Dungeon (4/15)
 Temple: D:4-7

Altars:
Ashenzari
Kikubaaqudgha
Qazlal


Innate Abilities, Weirdness & Mutations

You do not eat or drink.
Your flesh is vulnerable to fire.
You are immune to poison.
Your flesh is cold resistant. (rC+)
You are immune to negative energy. (rN+++)
You are immune to unholy pain and torment.
You can survive without breathing.


Message History

That felt strangely unrewarding.
The hound skeleton bites you but does no damage.
The hound skeleton bites you but does no damage.
There is a stone staircase leading up here.
Items here: )) [[ an uncursed leather armour; an uncursed flail; an uncursed leather armour an uncursed short sword The hound skeleton bites you but does no damage.
Casting: Petrify (quite dangerous; 38% risk of failure)
Confirm with . or Enter, or press ? or * to list all spells.
Aiming: Petrify (quite dangerous; 38% risk of failure)
Press: ? - help, Shift-Dir - straight line, f/p - hound skeleton
Aim: a hound skeleton (chance to defeat MR: 59%)
You miscast Petrify.
You are lightly contaminated with residual magic.
Strange energies run through your body. The hound skeleton bites you.
* * * LOW HITPOINT WARNING * * *
Unknown command.
The hound skeleton bites you.
* * * LOW HITPOINT WARNING * * *
You hit the hound skeleton but do no damage.
The hound skeleton bites you.
* * * LOW HITPOINT WARNING * * *
The hound skeleton closely misses you. The hound skeleton bites you.
* * * LOW HITPOINT WARNING * * *
Wield which item (- for none, * to show all)? (? for menu, Esc to quit)
Okay, then.
Casting: Petrify (quite dangerous; 38% risk of failure)
Confirm with . or Enter, or press ? or * to list all spells.
Aiming: Petrify (quite dangerous; 38% risk of failure)
Press: ? - help, Shift-Dir - straight line, f/p - hound skeleton
Aim: a hound skeleton (chance to defeat MR: 59%)
You miscast Petrify.
Your skin glows momentarily.
The hound skeleton barely misses you.
The hound skeleton bites you but does no damage.
Unknown command.
Unknown command.
The hound skeleton bites you but does no damage.
The hound skeleton bites you but does no damage.
Casting: Petrify (quite dangerous; 38% risk of failure)
Confirm with . or Enter, or press ? or * to list all spells.
Aiming: Petrify (quite dangerous; 38% risk of failure)
Press: ? - help, Shift-Dir - straight line, f/p - hound skeleton
Aim: a hound skeleton (chance to defeat MR: 59%)
You miscast Petrify.
You are contaminated with residual magic.
Your skin tingles.
The hound skeleton barely misses you.
Unknown command.
The hound skeleton barely misses you.
You feel less contaminated with magical energies.
The hound skeleton bites you.
* * * LOW HITPOINT WARNING * * *
The hound skeleton barely misses you.
Casting: Petrify (quite dangerous; 38% risk of failure)
Confirm with . or Enter, or press ? or * to list all spells.
Aiming: Petrify (quite dangerous; 38% risk of failure)
Press: ? - help, Shift-Dir - straight line, f/p - hound skeleton
Aim: a hound skeleton (chance to defeat MR: 59%)
The hound skeleton is moving more slowly.
The hound skeleton bites you.
* * * LOW HITPOINT WARNING * * *
The hound skeleton bites you.
You die...

#.#####
#.....#
#####.# #.#
#.# #.# .####
#.# ..... #Z#
..### #@# #.#
#.# ### # #.#
#.. .### #.#
#.# .... #.#
#.##### .###
#.# #..... #
#.####..#####.
#
#.............
#


You could see a hound skeleton (petrifying).

Vanquished Creatures
  An ogre (D:4)
  2 orc priests
  A bullfrog skeleton (D:2)
  2 orc wizards (D:3)
  A worker ant (D:4)
  11 adders
  An ooze (D:2)
  An adder skeleton (D:4)
  2 worms
  3 dart slugs
  3 leopard geckos
  13 orcs
  7 bats
  11 giant cockroaches
  6 goblins
  6 hobgoblins
  10 jackals
  A quokka (D:3)
  6 frilled lizards
  7 kobolds
  A quokka zombie (D:4)
  10 rats
106 creatures vanquished.

Notes
Turn   | Place    | Note
-------+----------+-------------------------------------------
     0 | D:1      | Amnesiac the Mummy Earth Elementalist began the quest for the Orb.
     0 | D:1      | Reached XP level 1. HP: 13/13 MP: 4/4
   407 | D:1      | Reached XP level 2. HP: 6/19 MP: 0/5
   573 | D:1      | Learned a level 2 spell: Passwall
   581 | D:1      | Reached skill level 3 in Earth Magic
  1559 | D:2      | Reached XP level 3. HP: 19/24 MP: 0/7
  1676 | D:2      | Reached skill level 4 in Earth Magic
  1854 | D:2      | Reached XP level 4. HP: 27/30 MP: 8/8
  2066 | D:2      | Learned a level 4 spell: Petrify
  2962 | D:3      | Reached XP level 5. HP: 11/35 MP: 5/9
  3308 | D:3      | Reached skill level 5 in Earth Magic
  3356 | D:3      | Found a stormy altar of Qazlal.
  3581 | D:3      | Reached XP level 6. HP: 22/41 MP: 6/10
  3888 | D:3      | Found a shattered altar of Ashenzari.
  3891 | D:3      | Became a worshipper of Ashenzari the Shackled
  4579 | D:4      | Reached skill level 6 in Earth Magic
  4769 | D:4      | Reached skill level 1 in Transmutations
  4803 | D:4      | Found an ancient bone altar of Kikubaaqudgha.
  5121 | D:4      | Reached skill level 1 in Short Blades
  5291 | D:4      | Slain by a hound skeleton

Vault maps used:
D:1:      sevenhm_arrival_forest_fort_large_2, minmay_small_reverse_x
D:2:      minmay_wonky_spiral, minmay_hedge_maze
D:3:      ashenzari_conservatory_becter, grunt_qazlal_clouds, minmay_bisected
D:4:      cheibriados_altar_1, kennysheep_little_box, first_ration,
          kennysheep_windowed_goal

Skill      XL: |  1  2  3  4  5  6 |
---------------+-------------------+-----
Earth Magic    | 3 4 5 6 |  6.0
Spellcasting   | 3 |  3.0
Transmutations | 1 |  1.0
Short Blades   | 1 |  1.7
Dodging        | |  1.5
Stealth        | |  1.5

Action                   |  1- 3 |  4- 6 || total
-------------------------+-------+-------++-------
Melee: Unarmed           |    31 |       ||    31
       Spear             |    73 |       ||    73
       Dagger            |     6 |   234 ||   240
       Quarterstaff      |       |     9 ||     9
Throw: Javelin           |       |    13 ||    13
 Cast: Sandblast         |    22 |    73 ||    95
       Petrify           |       |    12 ||    12
  Use: Scroll            |       |     2 ||     2
 Stab: Sleeping          |     2 |     1 ||     3
       Petrified         |       |    18 ||    18
       Petrifying        |       |     6 ||     6
Armor: Robe              |    30 |    61 ||    91
Dodge: Dodged            |    84 |   207 ||   291

Table legend:
 A = Spawn XP
 B = Non-spawn XP
 C = Spawn XP percentage of total XP
 D = Spawn monster count
 E = Non-spawn monster count
 F = Spawn count percentage of total count
 G = Total turns spent on level
                    A         B        C        D         E        F      G
               +---------+---------+-------+---------+---------+-------+---------
         Total |       0 |     664 |   0.0 |       0 |     101 |   0.0 |  5291
               +---------+---------+-------+---------+---------+-------+---------
           D:1 |       0 |      38 |   0.0 |       0 |      25 |   0.0 |  1529
           D:2 |       0 |     147 |   0.0 |       0 |      24 |   0.0 |  1378
           D:3 |       0 |     215 |   0.0 |       0 |      33 |   0.0 |  1262
           D:4 |       0 |     264 |   0.0 |       0 |      19 |   0.0 |  1122
               +---------+---------+-------+---------+---------+-------+---------
